 Dungeon Crawl Stone Soup version 0.24-a0-416-g56ce5178b7 (webtiles) character file.

Game seed: 1299451337087738972

436 KristoblXynda the Ruffian (level 6, -10/53 HPs)
             Began as a Troll Wizard on June 9, 2019.
             Mangled by an orc wizard
             ... wielding a +1 dagger of electrocution
              (15 damage)
             ... on level 4 of the Dungeon.
             The game lasted 00:06:25 (2489 turns).

KristoblXynda the Ruffian (Troll Wizard)            Turns: 2489, Time: 00:06:26

Health: -10/53     AC:  6    Str: 16    XL:     6   Next: 68%
Magic:  8/8        EV:  9    Int: 16    God:
Gold:   143        SH:  3    Dex:  8    Spells: 5/9 levels left

rFire    . . .     SeeInvis .     - Unarmed
rCold    . . .     Gourm    +   (no shield)
rNeg     . . .     Faith    .   c - +0 robe {MR+}
rPois    .         Spirit   .   b - +0 hat
rElec    .         Reflect  +   (no cloak)
rCorr    .         Harm     .   (gloves unavailable)
MR       +....                  (boots unavailable)
Stlth    +.........             f - +3 amulet of reflection
HPRegen  0.57/turn              (no ring)
MPRegen  0.11/turn              (no ring)

@: no status effects
A: large, unfitting armour, claws 3, fast metabolism 3, gourmand, regeneration
1, shaggy fur 1, tough skin 3
a: no special abilities


You were on level 4 of the Dungeon.
You were full.

You visited 1 branch of the dungeon, and saw 4 of its levels.

You collected 143 gold pieces.

Inventory:

Armour
 b - a +0 hat (worn)
 c - a +0 robe of magic resistance (worn)
Jewellery
 f - a +3 amulet of reflection (around neck)
Wands
 n - a wand of random effects (6)
Scrolls
 e - 2 scrolls of teleportation
 g - a scroll of remove curse
 m - a scroll of enchant armour {unknown}
 p - a scroll of magic mapping {unknown}
 q - a scroll of fear {unknown}
Potions
 a - 2 potions of degeneration {unknown}
 h - a potion of brilliance {unknown}
 i - 2 potions of curing
 j - 2 potions of heal wounds {unknown}
 k - a potion of haste {unknown}
 o - a potion of agility {unknown}
Comestibles
 d - 7 rations


   Skills:
 - Level 1.5 Dodging
 - Level 1.0 Stealth
 + Level 4.7 Unarmed Combat
 - Level 2.0 Spellcasting
 + Level 3.6 Conjurations
   Level 0.6 Summonings
   Level 0.6 Translocations


You had 5 spell levels left.
You knew the following spells:

 Your Spells              Type           Power        Failure   Level  Hunger
a - Magic Dart            Conj           ##..         4%          1    #......
b - Mephitic Cloud        Conj/Pois/Air  #.......     36%         3    ###....

Your spell library contained the following spells:

 Spells                   Type           Power        Failure   Level  Hunger
 Summon Butterflies       Summ           #.......     16%         1    #......
 Blink                    Tloc           N/A          24%         2    ###....
 Call Imp                 Summ           #.......     24%         2    ###....
 Conjure Flame            Conj/Fire      #.......     28%         3    ###....
 Slow                     Hex            #.......     30%         2    ###....


Dungeon Overview and Level Annotations

Branches:
Dungeon (4/15)
 Temple: D:4-7

Altars:
Hepliaklqana
Kikubaaqudgha
Makhleb
Nemelex Xobeh
Sif Muna
Vehumet
Xom
Zin


Innate Abilities, Weirdness & Mutations

You are too large for most types of armour.
You have claws for hands.
Your metabolism is lightning-fast.
You like to eat raw meat.
Your natural rate of healing is unusually fast.
You are covered in fur. (AC +1)
You have extremely tough skin. (AC +3)


Message History

The orc wizard barely misses you.
You barely miss the orc wizard. You claw the orc wizard.
The orc wizard is almost dead.
The orc wizard hits you but does no damage.
You are electrocuted!
* * * LOW HITPOINT WARNING * * *
You scratch the orc wizard.
The orc wizard is almost dead.
The orc wizard hits you but does no damage.
Unknown command.
You closely miss the orc wizard.
The orc wizard is almost dead.
The orc wizard hits you but does no damage.
You are electrocuted!
* * * LOW HITPOINT WARNING * * *
You closely miss the orc wizard.
The orc wizard is almost dead.
The orc wizard hits you but does no damage.
You are electrocuted!
You die...

... #.. #######
.(### #...... #..##.
.......
...##.##......
###.#.##....>.###
##...#.##..### #.
#>.###.##..######.
#@## #.....#......
###o####..##...#####
#...#.<......###
#.##..##..#### ...
#......#
#.##........# #.
#..#.##### . .ooo#.#
. .......#


You could see an orc wizard.

Vanquished Creatures
  Sigmund (D:2)
  A bullfrog zombie (D:2)
  An orc priest (D:3)
  A bullfrog skeleton (D:4)
  Natasha (D:4)
  5 adders
  3 oozes
  An adder skeleton (D:2)
  2 worms
  2 dart slugs (D:1)
  3 leopard geckos
  8 orcs
  2 ball pythons (D:2)
  7 bats
  2 giant cockroaches (D:2)
  4 goblins
  5 hobgoblins
  7 jackals
  2 quokkas
  5 frilled lizards
  11 kobolds
  A leopard gecko skeleton (D:2)
  7 rats
82 creatures vanquished.

Notes
Turn   | Place    | Note
-------+----------+-------------------------------------------
     0 | D:1      | KristoblXynda the Troll Wizard began the quest for the Orb.
     0 | D:1      | Reached XP level 1. HP: 16/16 MP: 2/2
   130 | D:1      | Reached skill level 1 in Conjurations
   134 | D:1      | Reached skill level 1 in Unarmed Combat
   149 | D:1      | Reached XP level 2. HP: 22/24 MP: 4/4
   749 | D:2      | Noticed Sigmund
   756 | D:2      | Found a hazy altar of Hepliaklqana.
   764 | D:2      | Killed Sigmund
   764 | D:2      | Reached skill level 3 in Unarmed Combat
   764 | D:2      | Reached XP level 3. HP: 31/31 MP: 5/5
   764 | D:2      | Reached XP level 4. HP: 39/39 MP: 6/6
   764 | D:2      | Reached XP level 5. HP: 45/45 MP: 7/7
   791 | D:2      | Found an ancient bone altar of Kikubaaqudgha.
   929 | D:2      | Found a deep blue altar of Sif Muna.
   931 | D:2      | Found a radiant altar of Vehumet.
   935 | D:2      | Identified Sif Muna's Compendium of the Escort
   942 | D:2      | Learned a level 3 spell: Mephitic Cloud
  1267 | D:2      | Reached skill level 4 in Unarmed Combat
  1366 | D:2      | Reached XP level 6. HP: 53/53 MP: 8/8
  2001 | D:3      | Found a glowing silver altar of Zin.
  2010 | D:3      | Found a shimmering altar of Xom.
  2013 | D:3      | Found a sparkling altar of Nemelex Xobeh.
  2411 | D:4      | Found a burning altar of Makhleb.
  2460 | D:4      | Noticed Natasha
  2483 | D:4      | Killed Natasha
  2489 | D:4      | Mangled by an orc wizard

Levels and vault maps discovered:
D:1:      lightli_arrival_lavapool, layout_basic
D:2:      wad_river_or_something, layout_basic,
          grunt_temple_overflow_magic_moments, lemuel_coloured_pillars_altar,
          minmay_small_reverse_x, uniq_sigmund
D:3:      layout_rooms, grunt_temple_overflow_diamond, first_ration
D:4:      kennysheep_goblin_castle, layout_rooms, kennysheep_mini,
          old_standard_altar, uniq_natasha

Skill      XL: |  1  2  3  4  5 |
---------------+----------------+-----
Conjurations   | 1 2 3 |  3.6
Unarmed Combat | 1 3 4 |  4.7
Dodging        | |  1.5
Stealth        | |  1.0
Spellcasting   | |  2.0
Summonings     | |  0.6
Translocations | |  0.6

Action                   |  1- 3 |  4- 6 || total
-------------------------+-------+-------++-------
Melee: Unarmed           |    38 |   247 ||   285
       Punch             |       |     3 ||     3
  Use: Scroll            |     2 |     2 ||     4
 Stab: Sleeping          |     2 |     3 ||     5
  Eat: Chunk             |     7 |    19 ||    26
Armor: Robe              |     5 |   116 ||   121
Dodge: Dodged            |    14 |   115 ||   129
Block: Other             |     1 |    27 ||    28
       Reflection        |       |     2 ||     2

Table legend:
 A = Non-vault XP
 B = Vault XP
 C = Vault XP percentage of total XP
 D = Non-vault monster count
 E = Vault monster count
 F = Vault count percentage of total count
                 A         B        C        D         E       F
            +---------+---------+-------+---------+---------+-------
      Total |     316 |     307 |  49.3 |      67 |      15 |  18.3
            +---------+---------+-------+---------+---------+-------
        D:1 |      23 |       0 |   0.0 |      12 |       0 |   0.0
        D:2 |     119 |     271 |  69.5 |      25 |      14 |  35.9
        D:3 |     121 |       0 |   0.0 |      25 |       0 |   0.0
        D:4 |      53 |      36 |  40.4 |       5 |       1 |  16.7
            +---------+---------+-------+---------+---------+-------
